Map: Kairos Junction LE

Players

Jykurisanel

  • Race: Terran Terran
  • League: Master
  • Spawn Location: 11:00

Neuro - Winner!

  • Race: Zerg Zerg
  • League: Master
  • Spawn Location: 5:00

VOD

Have the link to the VOD?

Description

Time

  • Played on: March 29, 2019, 1:38 p.m.
  • Length: 13:46
Show
View Real Time Build Order
Export as new Build Order

Jykurisanel Terran 

Build Orders:  

Get SALT Encoding   

  12  0:00  SCV  
  13  0:12  SCV  
  14  0:18  Supply Depot  
  14  0:24  SCV  
  15  0:39  SCV  
  16  0:44  Barracks  
  16  0:53  Barracks  
  16  0:57  SCV  
  17  1:09  SCV  
  18  1:21  SCV  
  19  1:28  Supply Depot  
  19  1:31  Marine  
  20  1:34  Orbital Command  
  20  1:40  Marine  
  20  1:44  Bunker  
  21  1:49  Marine  
  21  1:52  Bunker  
  22  1:58  Marine  
  23  2:01  Refinery  
  23  2:02  SCV  
  23  2:07  Marine  
  25  2:15  Marine  
  25  2:19  SCV  
  25  2:20  Supply Depot  
  25  2:22  Bunker  
  27  2:24  Marine  
  28  2:33  Marine  
  28  2:36  SCV  
  30  2:41  Supply Depot  
  30  2:42  Marine  
  31  2:51  Marine  
  32  3:00  Marine  
  29  3:15  SCV  
  28  3:26  Factory  
  23  3:28  SCV  
  23  3:31  Command Center  
  22  3:35  Barracks  
  22  3:39  Refinery  
  22  3:41  SCV  
  23  3:54  SCV  
  24  4:06  SCV  
  25  4:10  Hellion  
  25  4:12  Starport  
  27  4:19  SCV  
  29  4:25  Barracks Tech Lab  
  29  4:31  SCV  
  29  4:37  Barracks Reactor  
  29  4:40  Marine  
  29  4:43  SCV, Orbital Command  
  31  4:45  Marine  
  31  4:48  Medivac  
  34  4:57  Factory Tech Lab  
  34  4:58  Marine, Stimpack  
  35  5:03  Marine  
  35  5:05  SCV  
  37  5:15  Marine x2  
  37  5:16  Marine  
  37  5:17  Siege Tank  
  43  5:21  Marine  
  43  5:23  Orbital Command  
  44  5:42  SCV  
  37  5:43  Marine x4  
  37  5:49  SCV  
  41  5:53  Medivac  
  41  5:54  SCV  
  44  5:59  Engineering Bay  
  44  6:00  Marine  
  44  6:01  Marine, Siege Tank, SCV  
  44  6:02  Marine x2  
  52  6:07  SCV  
  53  6:14  SCV  
  53  6:16  Supply Depot  
  54  6:18  Marine x2  
  54  6:19  SCV  
  54  6:24  Marine  
  54  6:25  Supply Depot  
  58  6:26  SCV  
  58  6:30  Marine, Terran Infantry Weapons Level 1  
  58  6:31  SCV  
  61  6:37  Marine  
  61  6:38  Marine, SCV  
  64  6:43  Supply Depot  
  64  6:45  Barracks Reactor  
  64  6:46  SCV  
  65  6:48  Marine  
  65  6:50  SCV  
  67  6:55  Marine  
  67  6:58  Marine, Siege Tank, SCV  
  73  7:02  Supply Depot, SCV  
  73  7:06  Marine  
  75  7:08  Combat Shield  
  75  7:10  SCV  
  75  7:12  Refinery  
  75  7:13  Marine  
  75  7:14  SCV  
  78  7:22  SCV  
  79  7:24  Marine  
  79  7:25  Marine x2  
  79  7:27  Missile Turret  
  79  7:28  Missile Turret  
  82  7:36  Marine  
  82  7:37  Marine  
  84  7:46  SCV x2  
  84  7:47  Command Center  
  84  7:51  Starport Reactor  
  86  7:56  Marine x4  
  86  7:57  Marine  
  91  8:14  Marine x3  
  91  8:18  Barracks x2  
  94  8:28  Marine x2  
  94  8:32  Marine  
  91  8:36  Marine x2  
  91  8:37  Siege Tank  
  91  8:40  Medivac  
  90  8:46  Marine x2  
  85  8:55  Marine  
  85  8:56  Marine x2  
  85  9:02  SCV x2  
  90  9:05  Terran Infantry Armor Level 1  
  85  9:10  Marine x2  
  85  9:11  Orbital Command  
  85  9:13  Barracks Reactor x2  
  85  9:14  SCV  
  85  9:15  Marine  
  85  9:16  Refinery  
  89  9:17  Medivac x2  
  89  9:19  Siege Tank  
  89  9:23  Marine  
  89  9:24  Marine  
  98  9:28  SCV x2  
  100  9:33  Marine x2  
  100  9:37  Supply Depot  
  102  9:39  Marine  
  103  9:46  Marine x2  
  103  9:51  SCV x2  
  107  9:58  Siege Tank  
  110  10:00  Supply Depot x3  
  110  10:03  Orbital Command  
  110  10:11  Marine x3  
  109  10:15  Marine  
  109  10:16  Marine  
  109  10:21  Marine x4  
  96  10:30  Siege Tank  
  96  10:32  Marine x2  
  97  10:38  Marine  
  85  10:43  Marine x3  
  85  10:44  Marine x2  
  86  10:52  Marine  
  86  10:56  Marine  
  70  10:57  Marine  
  57  11:06  Marine  
  53  11:11  Orbital Command  
  34  11:48  SCV  
  35  11:55  SCV  
  35  12:22  SCV x2  
  36  12:34  SCV  
  37  12:41  Marine x2  
  39  12:47  SCV  
  40  12:56  Marine  
  41  13:19  SCV  
  42  13:22  Marine  
  42  13:23  Marine  
Show
View Real Time Build Order
Export as new Build Order

Neuro Zerg - Winner!

Build Orders: Hatch First, Muta Ling Bane 

Get SALT Encoding   

  12  0:01  Drone  
  13  0:13  Overlord  
  13  0:17  Drone  
  14  0:31  Drone x2  
  16  0:36  Drone  
  17  0:52  Hatchery  
  17  0:54  Drone  
  17  0:58  Drone  
  18  1:07  Extractor  
  17  1:13  Spawning Pool  
  17  1:15  Drone  
  17  1:18  Drone  
  18  1:28  Drone  
  19  1:41  Overlord  
  19  2:02  Zergling x4, Queen  
  19  2:07  Queen  
  25  2:09  Zergling x2  
  25  2:11  Metabolic Boost  
  25  2:12  Zergling x2  
  27  2:17  Zergling x2  
  28  2:27  Zergling x4  
  30  2:34  Zergling x2  
  31  2:37  Zergling x2  
  32  2:46  Zergling x2  
  31  3:00  Zergling x6  
  31  3:05  Zergling x2  
  31  3:08  Zergling x2  
  21  3:23  Zergling x8  
  24  3:30  Drone  
  24  3:31  Drone  
  27  3:41  Drone x2  
  27  3:51  Drone  
  27  3:53  Drone  
  29  3:56  Overlord  
  29  4:02  Drone x2  
  31  4:07  Drone  
  32  4:14  Drone x3  
  35  4:23  Queen  
  37  4:29  Overlord  
  37  4:31  Drone  
  38  4:34  Drone x2  
  40  4:45  Drone x2  
  42  4:50  Drone  
  43  4:57  Drone x5  
  48  5:05  Queen  
  50  5:07  Overlord  
  50  5:11  Drone  
  51  5:17  Extractor x2  
  51  5:18  Overlord  
  51  5:21  Drone  
  50  5:24  Drone  
  51  5:29  Lair  
  51  5:31  Drone x4  
  51  5:32  Drone  
  51  5:45  Drone x4  
  53  5:52  Spine Crawler  
  53  5:55  Extractor  
  51  5:58  Drone x3  
  54  6:05  Hatchery  
  54  6:07  Overlord  
  54  6:08  Drone x4  
  57  6:21  Queen  
  59  6:26  Zergling x12  
  59  6:27  Zergling x2  
  66  6:33  Spire  
  65  6:43  Overlord x2  
  65  6:48  Drone x3  
  65  6:53  Zergling x10  
  73  7:06  Zergling x4  
  75  7:10  Baneling Nest  
  75  7:12  Evolution Chamber  
  73  7:40  Zerg Ground Armor Level 1  
  73  7:43  Hatchery  
  71  7:46  Mutalisk x8  
  71  7:48  Zergling x8  
  91  7:55  Zergling x12  
  91  7:56  Baneling x4  
  97  7:59  Overlord x2  
  97  8:03  Overlord  
  97  8:08  Overlord x2  
  97  8:20  Baneling  
  97  8:21  Baneling x4  
  97  8:25  Zergling x16  
  81  8:37  Zergling x6  
  75  8:42  Zergling x8  
  67  8:56  Zergling x12  
  67  8:57  Centrifical Hooks  
  67  8:59  Zergling x2  
  72  9:09  Zergling x8  
  73  9:15  Queen  
  77  9:17  Zergling x10  
  77  9:21  Drone x2  
  82  9:27  Zergling x2  
  82  9:28  Baneling x10  
  82  9:29  Zergling x12  
  89  9:35  Overlord  
  89  9:48  Zergling x20  
  99  9:54  Evolution Chamber  
  100  10:00  Zergling x12  
  104  10:08  Zergling x6  
  104  10:13  Zergling x10  
  106  10:22  Zergling x8  
  100  10:39  Zergling x14  
  76  10:43  Zergling x2, Baneling  
  76  10:44  Baneling x4  
  76  10:47  Zergling x2  
  76  10:48  Baneling x3  
  72  10:50  Zergling x2  
  72  10:51  Zergling x2, Queen  
  71  11:04  Zergling x6  
  71  11:06  Baneling x7  
  64  11:13  Zergling x10  
  58  11:24  Zergling x14  
  54  11:49  Hatchery  
  49  12:08  Zergling x10  
  54  12:33  Baneling x7  
  54  12:34  Baneling x6  
  54  12:40  Zergling x2  
  54  12:44  Baneling x4  
  53  13:06  Zergling x10  
  60  13:12  Zergling x4  
Tags
 
Add a new tag
Caveats
  • Supply blocks, unpowered buildings, or Contaminate may cause inaccurate times.
  • Supply counts are checked every 10 seconds.